 Dungeon Crawl Stone Soup version 0.25.1-9-gc5326a611f (webtiles) character file.

Game seed: 6348163796423806496

84802 Destapler the Peltast (level 15, 0/139 HPs)
             Began as a Minotaur Fighter on Dec 31, 2020.
             Was the Champion of Makhleb.
             Killed from afar by a raiju (10 damage)
             ... with a living lightning
             ... on level 13 of the Dungeon.
             The game lasted 01:54:16 (20264 turns).

Destapler the Peltast (Minotaur Fighter)           Turns: 20264, Time: 01:54:17

Health: 0/139      AC: 21    Str: 27    XL:     15   Next: 36%
Magic:  18/18      EV: 20    Int:  5    God:    Makhleb [******]
Gold:   1623       SH: 24    Dex: 23    Spells: 14/14 levels left

rFire    . . .     SeeInvis .   a - +9 hand axe (elec)
rCold    . . .     Gourm    .   e - +2 tower shield {rN+}
rNeg     + . .     Faith    .   X - +8 ring mail of the Maze {Dex+7}
rPois    .         Spirit   .   O - +1 hat {MR+}
rElec    .         Reflect  .   U - +1 cloak {rCorr}
rCorr    +         Harm     .   J - +0 pair of gloves
MR       ++...                  Q - +0 pair of boots {run}
Stlth    ++........             Y - amulet of regeneration
HPRegen  0.73/turn              p - +4 ring of evasion
MPRegen  0.16/turn              T - +6 ring of dexterity

@: studying Maces & Flails, quick
A: retaliatory headbutt, horns 2
a: Minor Destruction, Lesser Servant of Makhleb, Major Destruction, Greater
Servant of Makhleb, Renounce Religion


You were on level 13 of the Dungeon.
You worshipped Makhleb.
Makhleb was exalted by your worship.
You were hungry.

You visited 3 branches of the dungeon, and saw 22 of its levels.
You also visited: Ossuary, Gauntlet, Ice Cave and Volcano.

You collected 2258 gold pieces.
You spent 635 gold pieces at shops.

Inventory:

Hand Weapons
 a - a +9 hand axe of electrocution (weapon)
 b - the +3 spear of Purpose {flame, *Rage rN+ Str+2}
   (You found it on level 11 of the Dungeon)

   It has been specially enchanted to burn those struck by it, causing extra
   injury to most foes and up to half again as much damage against particularly
   susceptible opponents.
   It affects your strength (+2).
   It protects you from negative energy.
   It may make you go berserk in combat.
Missiles
 y - 6 javelins
 C - 64 poisoned darts (quivered)
 E - 43 boomerangs
 P - a throwing net
 Z - 21 silver javelins
Armour
 e - a +2 tower shield of positive energy (worn)
 J - a +0 pair of gloves (worn)
 O - a +1 hat of magic resistance (worn)
 Q - a +0 pair of boots of running (worn)
 U - a +1 cloak of preservation (worn)
 X - the +8 ring mail of the Maze (worn) {Dex+7}
   (You found it on level 1 of the Lair of Beasts)

   It affects your dexterity (+7).
Jewellery
 p - a +4 ring of evasion (left hand)
 T - a +6 ring of dexterity (right hand)
 Y - an amulet of regeneration (around neck)
Wands
 B - a wand of paralysis (24)
 D - a wand of disintegration (27)
 H - a wand of polymorph (12)
 I - a wand of iceblast (9)
 L - a wand of acid (6)
Scrolls
 g - 8 scrolls of enchant weapon
 i - a scroll of summoning
 o - 11 scrolls of teleportation
 s - 2 scrolls of fear {unknown}
 t - 5 scrolls of blinking
 v - 8 scrolls of remove curse
 x - a scroll of immolation {unknown}
 z - 3 scrolls of identify
 A - 2 scrolls of magic mapping
 F - 2 scrolls of amnesia
 R - 2 scrolls of fog
 S - a scroll of enchant armour {unknown}
Potions
 d - 6 potions of might
 h - 5 potions of mutation
 j - 13 potions of curing
 k - 3 potions of magic
 l - 4 potions of lignification
 m - 7 potions of stabbing
 n - 3 potions of berserk rage
 q - 6 potions of heal wounds
 r - 4 potions of resistance
 u - 2 potions of cancellation
 G - 3 potions of invisibility
 M - 3 potions of ambrosia
 N - a potion of flight
Books
 c - a manual of Maces & Flails
Miscellaneous
 w - a tin of tremorstones (3/3)
Comestibles
 f - 38 rations


   Skills:
 + Level 14.3 Fighting
 * Level 14.5(15.2) Axes
 - Level 8.0(12.3) Polearms
 + Level 6.7 Throwing
 + Level 10.5 Armour
 - Level 8.0 Dodging
 + Level 2.3 Stealth
 + Level 15.2 Shields
 + Level 6.6 Invocations
 + Level 6.5 Evocations


You had 14 spell levels left.
You didn't know any spells.
Your spell library contained the following spells:

 Spells                   Type           Power        Failure   Level  Hunger
 Animate Skeleton         Necr           N/A          95%         1    ##.....
 Apportation              Tloc           #.....       95%         1    ##.....
 Freeze                   Ice            #...         95%         1    ##.....
 Infusion                 Chrm           #...         95%         1    ##.....
 Magic Dart               Conj           #...         95%         1    ##.....
 Pain                     Necr           #...         95%         1    ##.....
 Shock                    Conj/Air       #...         95%         1    ##.....
 Sting                    Tmut/Pois      #...         95%         1    ##.....
 Summon Butterflies       Summ           #.......     95%         1    ##.....
 Blink                    Tloc           N/A          98%         2    ###....
 Call Imp                 Summ           #.......     98%         2    ###....
 Passwall                 Tmut/Erth      #.......     98%         2    ###....
 Poisonous Vapours        Pois/Air       #.....       98%         2    ###....
 Searing Ray              Conj           #.....       98%         2    ###....
 Shroud of Golubria       Chrm/Tloc      #.....       98%         2    ###....
 Slow                     Hex            #.......     98%         2    ###....
 Song of Slaying          Chrm           #.......     98%         2    ###....
 Swiftness                Chrm/Air       #.......     98%         2    ###....
 Conjure Flame            Conj/Fire      #.......     100%        3    ####...
 Dazzling Flash           Conj/Hex       #.....       100%        3    ####...
 Frozen Ramparts          Ice            #.....       100%        3    ####...
 Gell's Gravitas          Tloc           #.........   100%        3    ####...
 Ignite Poison            Fire/Tmut/Pois #.......     100%        3    ####...
 Lesser Beckoning         Tloc           #.........   100%        3    ####...
 Mephitic Cloud           Conj/Pois/Air  #.......     100%        3    ####...
 Ozocubu's Armour         Chrm/Ice       #.......     100%        3    ####...
 Spectral Weapon          Hex/Chrm       #.......     100%        3    ####...
 Static Discharge         Conj/Air       #.......     100%        3    ####...
 Teleport Other           Tloc           #.......     100%        3    ####...
 Tukima's Dance           Hex            #.......     100%        3    ####...
 Vampiric Draining        Necr           #.........   100%        3    ####...
 Airstrike                Air            #.........   100%        4    #####..
 Animate Dead             Necr           N/A          100%        4    #####..
 Fulminant Prism          Conj/Hex       #.........   100%        4    #####..
 Hailstorm                Conj/Ice       #.......     100%        4    #####..
 Iskenderun's Mystic Bla  Conj/Tloc      #.......     100%        4    #####..
 Olgreb's Toxic Radiance  Pois           #.......     100%        4    #####..
 Passage of Golubria      Tloc           N/A          100%        4    #####..
 Summon Ice Beast         Ice/Summ       #.......     100%        4    #####..
 Agony                    Necr           #.......     100%        5    ######.
 Alistair's Intoxication  Tmut/Pois      #.......     100%        5    ######.
 Lee's Rapid Deconstruct  Erth           #.........   100%        5    ######.
 Lightning Bolt           Conj/Air       #.........   100%        5    ######.
 Darkness                 Hex            #.........   100%        6    #######
 Invisibility             Hex            #.......     100%        6    #######


Dungeon Overview and Level Annotations

Branches:
Dungeon (14/15)            Temple (0/1) D:6            Lair (6/6) D:11
  Swamp (0/4) Lair:4        Snake (0/4) Lair:2        Slime (0/5) Lair:6
    Orc (2/2) D:10            Elf (0/3) Orc:2       Ossuary (visited)
  IceCv (visited)         Volcano (visited)         Gauntlet (visited)
 Vaults: D:13-14

Altars:
Cheibriados
Dithmenos
Elyvilon
Fedhas
Gozag
Kikubaaqudgha
Makhleb
Okawaru
Ru
Sif Muna
Trog
Vehumet
Xom
Zin
Beogh
Jiyva

Shops:
D:7 ?   Orc:2 [:(*

Portals:
Hell: Lair:6


Innate Abilities, Weirdness & Mutations

You reflexively headbutt those who attack you in melee.
You have a pair of horns on your head.


Message History

The shock serpent is heavily wounded.
The shock serpent bites you.
* * * LOW HITPOINT WARNING * * *
The shock serpent shocks you!
* * * LOW HITPOINT WARNING * * *
The raiju bursts into living lightning!
The living lightning misses the shock serpent.
The living lightning misses you.
The raiju blinks!
You slash the shock serpent! You headbutt the shock serpent!
The shock serpent is almost dead.
You slash the raiju!
The shock serpent's electric aura discharges, shocking you!
* * * LOW HITPOINT WARNING * * *
The shock serpent shoots out a bolt of lightning at you!
The bolt of electricity hits you!
* * * LOW HITPOINT WARNING * * *
The bolt of electricity misses the raiju.
The raiju bursts into living lightning!
The living lightning hits you!
You die...

####### #..[..# ##.....########
######## #.............#
#......#####......######.#
#....#.....†÷.....# ####.#
#......#####.####.###.....
####.##...h@S....§...)..##..
#.......######......))....## #
#.##.##.# #.####.#####.#
######.#...#.#### #.# #.# #.#
.....(<.........###.# #.# #.#
######.#...#........####.#####.#
#.##.#####.##..#.......##.#
#....# #.##..#.......##.# #.####
#.............##.##


You could see a shock serpent and a raiju.

Vanquished Creatures
  Jorgrun (Orc:1)
  Gastronok (D:9)
  2 orc warlords
  A minotaur (Gauntlet)
  The ghost of kalodont the Unseen, a journeyman KoEn of Wu Jian (Lair:1)
  Josephine (Orc:2)
  7 hydras
  Harold (D:9)
  2 centaur warriors
  An ogre mage (Volcano)
  A hell beast (Lair:6)
  A dancing weapon (D:8)
  6 two-headed ogres
  3 orc high priests (Orc:2)
  6 death yaks
  A tengu warrior (D:13)
  Urug (Lair:6)
  A hell knight (Volcano)
  Nergalle (D:10)
  A sixfirhy (D:13)
  2 unseen horrors
  A wizard (Lair:6)
  The ghost of Phantomfrettchen the Martial Artist, a novice DsCK of Xom (D:8)
  Pikel (D:6)
  A necromancer (Gauntlet)
  7 orc knights
  2 manticores
  A cyclops (D:13)
  5 orc sorcerers
  2 centaur zombies
  4 ugly things
  A worldbinder (Gauntlet)
  7 elephants
  Maurice (D:8)
  An eye of devastation (Gauntlet)
  13 spiny frogs
  3 ice statues (IceCv)
  2 black mambas
  A torpor snail (Lair:4)
  A smoke demon (Lair:6)
  An orange demon (Lair:6)
  6 komodo dragons
  Maggie (D:6)
  An ice devil (Lair:6)
  3 rime drakes (Lair:6)
  3 red devils (Lair:6)
  6 trolls
  3 meliai (D:13)
  A tyrant leech (Lair:4)
  8 dream sheep
  Grinder (D:4)
  2 hornets
  10 blink frogs
  2 raiju
  6 slime creatures (D:12)
  7 hippogriffs
  Sigmund (D:3)
  2 shadows
  18 yaks
  4 basilisks
  6 wraiths
  3 wyverns
  A hungry ghost (D:9)
  Grum (D:10)
  5 wargs
  2 swamp worms (Lair:4)
  2 nagas (Lair:2)
  A soldier ant (D:13)
  4 hell hounds (Lair:6)
  A floating eye (Gauntlet)
  11 water moccasins
  2 sky beasts
  6 porcupines
  An eye of draining (D:10)
  32 orc warriors
  8 ice beasts
  3 black bears
  2 phantoms (D:12)
  4 slaves (D:6)
  18 ogres
  6 wolves
  13 centaurs
  A boggart (Gauntlet)
  9 crocodiles
  2 elf zombies (Ossuary)
  A big kobold (D:10)
  18 bullfrogs
  An elf skeleton (D:11)
  5 scorpions
  5 killer bees (D:7)
  3 wights (D:11)
  3 howler monkeys
  8 crimson imps
  4 human zombies
  A quasit (D:7)
  5 centaur skeletons
  6 hounds
  2 jellies
  27 orc priests
  25 orc wizards
  3 bullfrog skeletons
  2 iguanas
  8 worker ants
  4 hell rats (Lair:6)
  2 big kobold zombies (Ossuary)
  2 hound skeletons
  5 mummies
  18 gnolls
  13 adders
  2 shadow imps
  12 white imps (Orc:2)
  An adder skeleton (D:8)
  4 adder zombies
  4 worms
  4 dart slugs
  5 leopard geckos
  116 orcs
  A ball python (D:2)
  7 bats
  4 giant cockroaches
  5 goblins
  4 hobgoblins
  5 jackals
  4 quokkas
  4 frilled lizards
  A goblin zombie (Ossuary)
  7 hobgoblin zombies (Ossuary)
  A jackal skeleton (D:8)
  2 jackal zombies (Ossuary)
  11 kobolds
  8 kobold zombies (Ossuary)
  11 orc zombies (Ossuary)
  A quokka skeleton (D:6)
  5 rats
  A rat zombie (Ossuary)
  2 fungi
  A plant (Lair:2)
731 creatures vanquished.

Vanquished Creatures (others)
  A bush (Lair:2)
  14 demonic plants (Gauntlet)
  3 fungi
  A plant (Lair:6)
19 creatures vanquished.

Grand Total: 750 creatures vanquished

Notes
Turn   | Place    | Note
-------+----------+-------------------------------------------
     0 | D:1      | Destapler the Minotaur Fighter began the quest for the Orb.
     0 | D:1      | Reached XP level 1. HP: 19/19 MP: 0/0
   301 | D:1      | Reached XP level 2. HP: 23/27 MP: 1/1
   459 | D:1      | Reached skill level 4 in Shields
  1051 | D:2      | Reached XP level 3. HP: 33/33 MP: 2/2
  1566 | D:3      | Reached XP level 4. HP: 41/41 MP: 3/3
  1666 | D:3      | Noticed Sigmund
  1682 | D:3      | Killed Sigmund
  1682 | D:3      | Reached skill level 5 in Fighting
  1682 | D:3      | Reached skill level 5 in Shields
  1682 | D:3      | Reached XP level 5. HP: 48/48 MP: 4/4
  1776 | D:3      | Reached XP level 6. HP: 56/56 MP: 5/5
  1874 | D:3      | Reached skill level 5 in Axes
  2437 | D:3      | Found a burning altar of Makhleb.
  2445 | D:3      | Became a worshipper of Makhleb the Destroyer
  2597 | D:4      | Reached skill level 6 in Shields
  2705 | D:4      | Reached XP level 7. HP: 63/63 MP: 6/6
  2933 | D:4      | Found a shimmering blue altar of Sif Muna.
  3014 | D:4      | Noticed Grinder
  3028 | D:4      | Paralysed by Grinder for 4 turns
  3037 | D:4      | Paralysed by Grinder for 3 turns
  3043 | D:4      | Killed Grinder
  3043 | D:4      | Reached skill level 7 in Shields
  3046 | D:4      | Reached * piety under Makhleb
  3046 | D:4      | Reached XP level 8. HP: 57/73 MP: 7/7
  3342 | D:5      | Entered Level 5 of the Dungeon
  3416 | D:5      | Found a sand-covered staircase.
  3467 | D:5      | Reached skill level 8 in Shields
  3750 | D:5      | Found a shadowy altar of Dithmenos.
  4133 | D:6      | Noticed Pikel
  4140 | D:6      | Killed Pikel
  4140 | D:6      | Reached skill level 9 in Shields
  4140 | D:6      | Reached XP level 9. HP: 58/83 MP: 8/8
  4470 | D:6      | Found a glowing silver altar of Zin.
  4731 | D:6      | Noticed Maggie
  4742 | D:6      | Killed Maggie
  4865 | D:6      | Found a staircase to the Ecumenical Temple.
  4937 | D:6      | Found a bloodstained altar of Trog.
  5307 | D:7      | Found Adodor's Magic Scroll Shoppe.
  5361 | D:7      | Bought a scroll of remove curse for 39 gold pieces
  5361 | D:7      | Bought a scroll of identify for 26 gold pieces
  5461 | D:7      | Found a blossoming altar of Fedhas.
  5497 | D:7      | Found an opulent altar of Gozag.
  5518 | D:7      | Found a shimmering altar of Xom.
  5743 | D:7      | Reached skill level 10 in Fighting
  5743 | D:7      | Reached skill level 10 in Shields
  6057 | D:8      | Reached ** piety under Makhleb
  6105 | D:8      | Reached skill level 10 in Axes
  6183 | D:8      | Noticed a two-headed ogre
  6198 | D:8      | Killed a two-headed ogre
  6198 | D:8      | Reached XP level 10. HP: 56/94 MP: 4/9
  6225 | D:8      | Found a sand-covered staircase.
  6233 | Ossuary  | Entered an ossuary
  6395 | Ossuary  | Reached *** piety under Makhleb
  6555 | D:8      | Found a runed translucent door.
  6557 | D:8      | Found a shimmering altar of Xom.
  6557 | D:8      | Noticed Phantomfrettchen's ghost (novice DsCK)
  6558 | D:8      | Noticed a +0 mace of chaos
  6621 | D:8      | Noticed Maurice
  6636 | D:8      | Paralysed by Maurice for 2 turns
  6643 | D:8      | Killed Maurice
  6812 | D:8      | Found a radiant altar of Vehumet.
  6812 | D:8      | Found an iron altar of Okawaru.
  7206 | D:9      | Reached skill level 11 in Shields
  7243 | D:9      | Found a sacrificial altar of Ru.
  7262 | D:9      | Noticed Gastronok
  7275 | D:9      | Killed Gastronok
  7473 | D:9      | Noticed Harold
  7485 | D:9      | Killed Harold
  7485 | D:9      | Reached skill level 12 in Shields
  7487 | D:9      | Reached XP level 11. HP: 104/104 MP: 10/10
  7996 | D:10     | Entered Level 10 of the Dungeon
  8043 | D:10     | Noticed Nergalle
  8064 | D:10     | Killed Nergalle
  8064 | D:10     | Reached skill level 1 in Throwing
  8064 | D:10     | Reached skill level 1 in Dodging
  8064 | D:10     | Reached skill level 1 in Invocations
  8105 | D:10     | Noticed Grum
  8111 | D:10     | Reached skill level 1 in Evocations
  8117 | D:10     | Reached **** piety under Makhleb
  8123 | D:10     | Killed Grum
  8289 | D:10     | Noticed a two-headed ogre
  8302 | D:10     | Killed a two-headed ogre
  8322 | D:10     | Reached ***** piety under Makhleb
  8439 | D:10     | Found a staircase to the Orcish Mines.
  8629 | D:10     | Found an opulent altar of Gozag.
  8931 | D:11     | Noticed an orc knight
  8944 | D:11     | Killed an orc knight
  8944 | D:11     | Reached skill level 5 in Armour
  8945 | D:11     | Found a roughly hewn altar of Beogh.
  9102 | D:11     | Noticed a centaur warrior
  9126 | D:11     | Killed a centaur warrior
  9330 | D:11     | Got a fine spear
  9488 | D:11     | Killed an unseen horror
  9664 | D:11     | Found a staircase to the Lair.
  9680 | D:11     | Reached XP level 12. HP: 113/113 MP: 10/13
 10028 | D:11     | Found an ancient bone altar of Kikubaaqudgha.
 10258 | D:8      | Killed Phantomfrettchen's ghost
 10900 | D:12     | Noticed a seven-headed hydra
 10901 | D:12     | Identified the +3 spear of Purpose {flame, *Rage rN+ Str+2}
                  | (You found it on level 11 of the Dungeon)
 10917 | D:12     | Killed a seven-headed hydra
 10917 | D:12     | Reached skill level 13 in Shields
 10980 | D:12     | Reached ****** piety under Makhleb
 11119 | D:13     | Noticed a centaur warrior
 11120 | D:13     | Noticed a tengu warrior
 11179 | Lair:1   | Entered Level 1 of the Lair of Beasts
 11215 | Lair:1   | Found a runed translucent door.
 11236 | Lair:1   | Noticed kalodont's ghost (journeyman KoEn)
 11257 | Lair:1   | Killed kalodont's ghost
 11284 | Lair:1   | Reached skill level 5 in Dodging
 11531 | Lair:1   | Got a pitted ring mail
 12085 | Lair:2   | Reached skill level 5 in Throwing
 12091 | Lair:2   | Reached skill level 5 in Invocations
 12098 | Lair:2   | Reached XP level 13. HP: 122/122 MP: 13/15
 12127 | Lair:2   | Found a staircase to the Snake Pit.
 13373 | Lair:3   | Reached skill level 5 in Evocations
 14160 | Lair:4   | Identified the +8 ring mail of the Maze {Dex+7} (You found
                  | it on level 1 of the Lair of Beasts)
 14376 | Lair:4   | Found a staircase to the Swamp.
 14907 | Lair:5   | Found a dark tunnel.
 14977 | Volcano  | Entered a volcano
 15701 | Lair:6   | Entered Level 6 of the Lair of Beasts
 15791 | Lair:6   | Reached skill level 1 in Polearms
 15798 | Lair:6   | Reached XP level 14. HP: 130/130 MP: 17/17
 15814 | Lair:6   | Reached skill level 14 in Shields
 15879 | Lair:6   | Found a burning altar of Makhleb.
 15904 | Lair:6   | Found a gateway to Hell.
 15972 | Lair:6   | Found a staircase to the Slime Pits.
 15972 | Lair:6   | Found a viscous altar of Jiyva.
 15972 | Lair:6   | Found a snail-covered altar of Cheibriados.
 16025 | Lair:6   | Found a gate leading to a gauntlet.
 16037 | Gauntlet | Entered a Gauntlet
 16037 | Gauntlet | Found a transporter.
 16046 | Gauntlet | Found a transporter.
 16048 | Gauntlet | Found a transporter.
 16057 | Gauntlet | Found a transporter.
 16071 | Gauntlet | Found a transporter.
 16076 | Gauntlet | Found a transporter.
 16097 | Gauntlet | Found a transporter.
 16110 | Gauntlet | Found a transporter.
 16122 | Gauntlet | Found a transporter.
 16134 | Gauntlet | Found a transporter.
 16140 | Gauntlet | Found a transporter.
 16140 | Gauntlet | Found a transporter.
 16155 | Gauntlet | Found a transporter.
 16167 | Gauntlet | Found a transporter.
 16184 | Gauntlet | Found a transporter.
 16202 | Gauntlet | Found a transporter.
 16204 | Gauntlet | Found a transporter.
 16231 | Gauntlet | Found a transporter.
 16573 | Gauntlet | Identified a +0 pair of boots of running (You found it in a
                  | Gauntlet)
 16630 | Gauntlet | Identified the +5 glaive of the Pharaoh's Fist {freeze,
                  | Str+2 Int-4 Dex+6}
 16840 | Lair:6   | Noticed Urug
 16857 | Lair:6   | Reached skill level 10 in Armour
 16866 | Lair:6   | Killed Urug
 16866 | Lair:6   | Reached skill level 5 in Polearms
 17452 | Orc:1    | Entered Level 1 of the Orcish Mines
 17543 | Orc:1    | Noticed an orc warlord
 17598 | D:10     | Killed an orc warlord
 17683 | Orc:1    | Found a roughly hewn altar of Beogh.
 17760 | Orc:1    | Reached skill level 15 in Shields
 17761 | Orc:1    | Found a roughly hewn altar of Beogh.
 17984 | Orc:1    | Noticed Jorgrun
 18013 | Orc:1    | Killed Jorgrun
 18187 | Orc:2    | Entered Level 2 of the Orcish Mines
 18210 | Orc:2    | Noticed an orc warlord
 18237 | Orc:2    | Killed an orc warlord
 18292 | Orc:2    | Found a frozen archway.
 18339 | IceCv    | Entered an ice cave
 18350 | IceCv    | Reached skill level 1 in Stealth
 18692 | Orc:2    | Reached XP level 15. HP: 129/138 MP: 18/18
 18713 | Orc:2    | Noticed Josephine
 18727 | Orc:2    | Killed Josephine
 18834 | Orc:2    | Found a staircase to the Elven Halls.
 19129 | Orc:2    | Found Tohes's Antique Weapon Shoppe.
 19129 | Orc:2    | Found Gipnich's General Store.
 19131 | Orc:2    | Found Syirhiq's Book Boutique.
 19131 | Orc:2    | Found Cuvoedagy's Armour Shoppe.
 19137 | Orc:2    | Bought a scroll of identify for 26 gold pieces
 19142 | Orc:2    | Bought a smoking hand axe for 256 gold pieces
 19142 | Orc:2    | Bought a jewelled scimitar for 288 gold pieces
 19142 | Orc:2    | Identified the +5 hand axe of Etzenytsi {pain, rC++ Int+2
                  | Dex+6} (You bought it in a shop on level 2 of the Orcish
                  | Mines)
 19144 | Orc:2    | Identified the cursed +0 scimitar of Nemelex Xobeh's Esteem
                  | {vamp, rPois MR- Str+2 Int+3} (You bought it in a shop on
                  | level 2 of the Orcish Mines)
 19386 | D:13     | Found a white marble altar of Elyvilon.
 20115 | D:14     | Found the +8 arc blade {discharge, rElec}
 20264 | D:13     | Killed from afar by a raiju

Illustrated notes

Levels and vault maps discovered:
D:1:      dpeg_arrival_radiant, layout_loops_ring
D:2:      layout_loops_ring, minivault_11
D:3:      layout_loops_cross, nicolae_overflow_hidden_temple, first_ration,
          makhleb_heckhound_becter, uniq_sigmund
D:4:      layout_basic, kennysheep_mini, grunt_tough_drop, uniq_grinder
D:5:      layout_cave_pools, enter_ossuary_5, grunt_dithmenos_smoke_and_mirrors
D:6:      layout_layer_cave, lemuel_coloured_pillars_altar,
          kennysheep_little_box, temple_statues, uniq_maggie, uniq_pikel
D:7:      layout_cave_pools, xom_butterflies, fedhas_bush_and_centaur_altar,
          old_standard_altar, serial_shops, shop, grunt_ogre_cave,
          eino_curves_02, patterned_corridor
D:8:      layout_basic, chequers_temple_overflow_statue_of_worship,
          ebering_ghost_xom, enter_ossuary_3, uniq_maurice
D:9:      layout_basic, nicolae_overflow_crystal_walls, grunt_ministairs_12,
          uniq_gastronok, uniq_harold
D:10:     layout_rooms, hiddenorc2_lemuel,
          nicolae_gozag_cash_rules_everything_around_me, uniq_nergalle,
          uniq_grum
D:11:     layout_roguey, david_lair_generic, special_room [special_room_orc],
          minmay_misc_feat_room, lemuel_mausoleum_altar_kikubaaqudgha
D:12:     layout_basic
D:13:     layout_loops_ring, elyvilon_altar_3
D:14:     minmay_shoctagon, layout_irregular_city, david_vaults_2,
          minmay_crystal_water, minmay_guarded_unrand_resistance
Lair:1:   layout_cellular_growth, hellmonk_ghost_happy_afterlife,
          grunt_megastairs_3, lemuel_fruit_fields
Lair:2:   layout_chaotic_city, guppyfry_snake_entry_island
Lair:3:   layout_hall_layers, grunt_megastairs_1, lemuel_fruit_tree
Lair:4:   layout_regular_city, palyth_hydra_swamp_entry, serial_bayou_crossing
Lair:5:   layout_long_grid, nicolae_volcano_entry_lava_flow
Lair:6:   evil_forest, layout_long_grid, slime_altar_1, gauntlet_entry_generic,
          basic_altar, uniq_urug
Orc:1:    layout_diamond_mine, basic_altar, mines1_david, uniq_jorgrun
Orc:2:    grunt_orc_tribal_feast, layout_caves, portal_ice_cave_entry_imps,
          uniq_josephine

Skill      XL: |  1  2  3  4  5  6  7  8  9 10 11 12 13 14 15 |
---------------+----------------------------------------------+-----
Shields        | 4 5 6 7 9 10 12 13 15 | 15.2
Fighting       | 4 5 6 7 9 10 12 13 14 | 14.3
Axes           | 3 4 5 7 8 10 11 12 13 14 | 14.5
Throwing       | 3 5 6 |  6.7
Dodging        | 3 5 6 8 |  8.0
Invocations    | 3 5 6 |  6.6
Armour         | 5 7 8 10 | 10.5
Evocations     | 3 4 5 6 |  6.5
Polearms       | 1 8 |  8.0
Stealth        | 1 2 |  2.3

Action                   |  1- 3 |  4- 6 |  7- 9 | 10-12 | 13-15 || total
-------------------------+-------+-------+-------+-------+-------++-------
Melee: War axe           |    15 |       |       |       |       ||    15
       Headbutt          |     9 |    13 |    24 |   118 |   284 ||   448
       Hand axe          |    68 |    76 |   215 |   616 |   822 ||  1797
       Spear             |       |       |       |    15 |    48 ||    63
Throw: Dart              |       |       |     3 |    30 |    14 ||    47
       Throwing net      |       |       |       |     1 |       ||     1
Invok: Major Destruction |       |       |       |       |     1 ||     1
Evoke: Wand              |       |       |       |       |     2 ||     2
  Use: Scroll            |       |     2 |    11 |     3 |    24 ||    40
       Potion            |       |       |     1 |     1 |     3 ||     5
  Eat: Chunk             |     2 |     4 |    10 |    10 |    22 ||    48
       Ration            |       |       |       |     3 |     1 ||     4
Armor: Scale mail        |    31 |     9 |       |       |       ||    40
       Chain mail        |       |     1 |    40 |       |     8 ||    49
       Swamp dragon scal |       |       |    26 |    91 |    23 ||   140
       Skin              |       |       |       |    30 |       ||    30
       Ring mail         |       |       |       |       |    85 ||    85
Dodge: Dodged            |    29 |    26 |    65 |   171 |   313 ||   604
Block: Kite shield       |    37 |    35 |   103 |   299 |   295 ||   769
       Tower shield      |       |       |       |       |   193 ||   193
